 Dungeon Crawl Stone Soup version 0.29.1-2-gbd0b4ee654 (webtiles) character file.

Game seed: 11428521057840087106

1722 styxcanada the Covert (level 8, -3/42 HPs)
             Began as a Spriggan Brigand on Oct 25, 2022.
             Was an Initiate of Gozag.
             Slain by an orc warrior
             ... wielding a +0 flail
              (10 damage)
             ... on level 7 of the Dungeon.
             The game lasted 00:26:11 (7932 turns).

styxcanada the Covert (Spriggan Brigand)            Turns: 7932, Time: 00:26:11

Health: -3/42      AC:  3    Str:  7    XL:     8   Next: 75%
Magic:  15/15      EV: 25    Int: 13    God:    Gozag
Gold:   291        SH:  0    Dex: 18    Spells: 16/16 levels left

rFire   . . .      SeeInvis +   a - +2 dagger (elec)
rCold   . . .      Faith    .   (no shield)
rNeg    . . .      Spirit   .   b - +0 robe
rPois   .          Reflect  .   (helmet restricted)
rElec   .          Harm     .   c - +0 cloak
rCorr   .          Rampage  .   (gloves unavailable)
Will    +....                   (boots unavailable)
Stlth   +++++.....              (no amulet)
HPRegen 0.14/turn               D - +4 ring of evasion
MPRegen 0.14/turn               (no ring)

@: gold aura, studying Stealth, very quick
A: very small, no large weapons, unfitting armour, see invisible, speed 3
a: Renounce Religion, Potion Petition, Call Merchant, Bribe Branch


You were on level 7 of the Dungeon.
You worshipped Gozag.
Gozag was aware of your devotion.
You visited 1 branch of the dungeon, and saw 7 of its levels.

You collected 605 gold pieces.
You spent 228 gold pieces at shops.
You paid 86 gold pieces to Gozag.

Inventory:

Hand Weapons
 a - a +2 dagger of electrocution (weapon)
 s - a +0 vorpal sling
Missiles
 d - 8 poisoned darts (quivered)
 e - 2 curare-tipped darts
 i - 69 stones
 B - 6 boomerangs
Armour
 b - a +0 robe (worn)
 c - a +0 cloak (worn)
Jewellery
 q - a ring of fire
 C - a ring of protection from fire
 D - a +4 ring of evasion (left hand)
Wands
 u - a wand of digging (5)
 E - a wand of roots (3)
Scrolls
 g - 2 scrolls of magic mapping
 j - 2 scrolls of fog
 k - a scroll of poison
 t - 5 scrolls of amnesia
 v - 3 scrolls of brand weapon
 w - 3 scrolls of teleportation
 x - a scroll of blinking
 F - 3 scrolls of immolation
Potions
 f - a potion of magic
 h - 2 potions of heal wounds
 l - 2 potions of flight
 m - 2 potions of mutation
 n - a potion of haste {unknown}
 o - a potion of lignification {unknown}
 p - 3 potions of brilliance {unknown}
 r - 3 potions of invisibility {unknown}
 z - a potion of resistance {unknown}
 A - 4 potions of curing


   Skills:
 * Level 3.7 Fighting
 + Level 5.3 Short Blades
 + Level 4.3 Throwing
 * Level 6.2 Dodging
 * Level 12.0 Stealth
 * Level 4.5 Spellcasting


You had 16 spell levels left.
You didn't know any spells.
Your spell library contained the following spells:

 Spells                   Type           Power      Damage    Failure   Level
 Static Discharge         Conj/Air       2%         3-4/arc   30%         2
 Conjure Flame            Conj/Fire      2%         6-21      52%         3
 Ignite Poison            Fire/Tmut/Pois 2%         N/A       52%         3
 Dispel Undead            Necr           2%         3d7       89%         4
 Sticky Flame             Conj/Fire      2%         2d3       89%         4


Dungeon Overview and Level Annotations

Branches:
Dungeon (7/15)             Temple (0/1) D:5

Altars:
Gozag
Qazlal
Yredelemnul

Shops:
D:1 (   D:2 *   D:3 !


Innate Abilities, Weirdness & Mutations

You are very small and have problems with some larger weapons.
You are too small for most types of armour.
You have supernaturally acute eyesight. (SInv)
You cover ground extremely quickly. (Speed+++)


Message History

The orc priest shouts!
You hit the orc wizard.
The orc wizard is lightly wounded.
You hit the orc wizard.
Lightning courses through the orc wizard!!
You kill the orc wizard!
The orc priest is no longer distracted by gold.
You hit the orc priest but do no damage.
The orc priest hits you with a +0 flail!
You hit the orc priest but do no damage.
The orc priest barely misses you.
You hit the orc priest but do no damage.
You hit the orc priest.
Lightning courses through the orc priest!
You kill the orc priest!
The orc warrior shoots a bolt.
The bolt hits the orc wizard!!
The orc wizard dies!
Your Stealth skill increases to level 12!
Throw: 9 darts (poison)
Press: ? - help, Q - select action, (/) - cycle Shift-Dir - straight line, f - orc warrior
Aim: an orc warrior, wielding a +0 arbalest and wearing a +0 plate armour (64% to hit)
You throw a poisoned dart.
The poisoned dart barely misses the orc warrior.
The orc warrior shoots a bolt.
The bolt completely misses you.
Items here: $ ))) [[[.
You hit the orc warrior but do no damage.
The orc misses you.
The orc warrior unwields a +0 arbalest.
The orc warrior wields a +0 flail.
The orc warrior hits you with a +0 flail!
* * * LOW HITPOINT WARNING * * *
You see here a poisoned dart.
You hit the orc warrior but do no damage.
The orc hits you with a +0 hand axe.
* * * LOW HITPOINT WARNING * * *
You hit the orc warrior but do no damage.
Lightning courses through the orc warrior!!
The orc warrior is severely wounded.
The orc warrior hits you with a +0 flail!
You die...
Your body crumbles into a pile of gold.

#.......## #....
.. #..# #..###.#..
...
######..####.#.#.#
)#...
.............##.#
#.#)#
######..###..##.#
....# #..#
#..##?##..#.###
##..#
#..............
#...#
#.##o.....#.#.
##..##
#.##@###$......
#.<.# #..$o#
#.#..?. #..##
###### .# #.# #..#
# # #... #.## #.
#. ##


You could see an orc warrior and an orc.

Vanquished Creatures
  Sigmund (D:3)
  A wraith (D:6)
  A water moccasin (D:5)
  4 black bears
  An orc warrior (D:6)
  A sky beast (D:6)
  An ogre (D:4)
  2 elf zombies (D:4)
  A phantom (D:5)
  A bullfrog (D:7)
  A hound (D:5)
  2 human zombies (D:4)
  An orc priest (D:7)
  An iguana (D:6)
  Ijyb (D:4)
  A human skeleton (D:4)
  An orc wizard (D:7)
  6 adders
  A shadow imp (D:5)
  2 ufetubi (D:6)
  2 worms
  2 dart slugs
  13 orcs
  9 ball pythons
  8 bats
  5 endoplasms
  12 giant cockroaches
  6 goblins
  2 hobgoblins
  4 jackals (D:1)
  8 kobolds
  2 quokkas
  4 frilled lizards
  An orc zombie (D:4)
  5 rats
114 creatures vanquished.

Vanquished Creatures (others)
  An orc wizard (D:7)
  3 plants (D:4)
4 creatures vanquished.

Grand Total: 118 creatures vanquished

Notes
Turn   | Place    | Note
-------+----------+-------------------------------------------
     0 | D:1      | styxcanada the Spriggan Brigand began the quest for the
                  | Orb.
     0 | D:1      | Reached XP level 1. HP: 10/10 MP: 2/2
     7 | D:1      | Reached skill level 6 in Stealth
    63 | D:1      | Reached XP level 2. HP: 14/14 MP: 3/3
   247 | D:1      | Found Muetoarr's Antique Weapon Shoppe.
   708 | D:2      | Reached skill level 7 in Stealth
   802 | D:2      | Reached XP level 3. HP: 18/18 MP: 4/4
  1447 | D:2      | Found a faded altar of an unknown god.
  1451 | D:2      | You fall into a shaft and drop 2 floors!
  1465 | D:4      | Noticed a black bear
  1514 | D:3      | Found Pebimub's Distillery.
  1538 | D:2      | Found Wieteuw's Assorted Antiques.
  1775 | D:2      | Bought a lumpy blue potion for 19 gold pieces
  1775 | D:2      | Bought a smoky purple potion for 19 gold pieces
  1775 | D:2      | Bought a scroll labelled CEMU IPTUTRYCW for 22 gold pieces
  1775 | D:2      | Bought a scroll labelled CEMU IPTUTRYCW for 22 gold pieces
  1775 | D:2      | Bought a scroll labelled MIDIXE UVUIRI for 22 gold pieces
  1775 | D:2      | Bought a scroll labelled HILE JEDUKEBO for 22 gold pieces
  1973 | D:3      | Reached XP level 4. HP: 23/23 MP: 6/6
  2176 | D:3      | Noticed Sigmund
  2539 | D:3      | Killed Sigmund
  2540 | D:3      | Reached skill level 8 in Stealth
  2540 | D:3      | Reached skill level 1 in Spellcasting
  2540 | D:3      | Reached XP level 5. HP: 11/27 MP: 6/8
  2853 | D:3      | Noticed a black bear
  2897 | D:3      | Killed a black bear
  2898 | D:3      | Reached XP level 6. HP: 6/32 MP: 8/10
  3731 | D:3      | Bought a potion of curing for 36 gold pieces
  4088 | D:4      | Found an opulent altar of Gozag.
  4324 | D:4      | Became a worshipper of Gozag Ym Sagoz the Greedy
  4411 | D:4      | Reached skill level 9 in Stealth
  4411 | D:4      | Reached XP level 7. HP: 17/35 MP: 11/11
  5043 | D:4      | Noticed Ijyb
  5046 | D:4      | Killed Ijyb
  5140 | D:2      | Bought 3 scrolls labelled CONAIBIGRUI for 66 gold pieces
  5460 | D:4      | Identified a scroll of acquirement
  5460 | D:4      | Acquired a manual of Stealth
  5717 | D:5      | Entered Level 5 of the Dungeon
  5719 | D:5      | Reached skill level 5 in Dodging
  5719 | D:5      | Reached XP level 8. HP: 40/40 MP: 14/14
  5778 | D:5      | Found a basalt altar of Yredelemnul.
  5792 | D:5      | Reached skill level 10 in Stealth
  6015 | D:5      | Found a staircase to the Ecumenical Temple.
  7138 | D:6      | Reached skill level 5 in Short Blades
  7138 | D:6      | Reached skill level 11 in Stealth
  7547 | D:6      | Found a stormy altar of Qazlal.
  7927 | D:7      | Reached skill level 12 in Stealth
  7932 | D:7      | Slain by an orc warrior

Illustrated notes

Levels and vault maps discovered:
D:1:      amcnicky_arrival_underground_garden, layout_loops_ring, serial_shops,
          shop, minmay_misc_feat_room
D:2:      minmay_roachtagon, layout_basic, hellmonk_ecumenical_altar_lost_god,
          serial_shops, shop
D:3:      layout_rooms, serial_shops, shop, kennysheep_another_room,
          nicolae_underground_beach, uniq_sigmund
D:4:      layout_loops_ring, nicolae_gozag_seed_capital,
          nicolae_ossuary_entry_catacombs, serial_bayou, serial_bayou_lagoon_a,
          serial_bayou_crossing, serial_bayou_pond_a, serial_bayou_ford_a,
          kennysheep_opposing_triangles, uniq_ijyb
D:5:      black_bear_nest_1, layout_gridville, yredelemnul_altar_generic,
          minmay_temple_entry_tees, nicolae_eternal_life
D:6:      layout_loops_corners, grunt_qazlal_sundering
D:7:      layout_loops_ring, mainiacjoe_overflow_alcove_4,
          lemuel_coloured_pillars_altar, uniq_menkaure

Skill      XL: |  1  2  3  4  5  6  7  8 |
---------------+-------------------------+-----
Stealth        | 6 7 8 9 12 | 12.0
Fighting       | 2 3 |  3.7
Dodging        | 2 3 5 6 |  6.2
Short Blades   | 3 4 5 |  5.3
Spellcasting   | 1 2 3 4 |  4.5
Throwing       | 3 4 |  4.3

Action                   |  1- 3 |  4- 6 |  7- 9 || total
-------------------------+-------+-------+-------++-------
Melee: Dagger            |   110 |   149 |   166 ||   425
       Punch             |     4 |     2 |       ||     6
Throw: Dart              |     1 |    46 |    26 ||    73
       Stone             |       |     2 |       ||     2
  Use: Scroll            |       |     3 |    13 ||    16
       Potion            |       |       |     1 ||     1
 Stab: Sleeping          |    19 |     4 |     9 ||    32
       Distracted        |       |     1 |     1 ||     2
Armor: Robe              |    17 |    17 |     6 ||    40
Dodge: Dodged            |    83 |    92 |   113 ||   288
